 Dungeon Crawl Stone Soup version 0.28-a0-233-gb8ca4b6547 (webtiles) character file.

Game seed: 17203370303542669300

50217 spiderkeys the Thrower (level 14, -3/157 HPs)
             Began as an Ogre Artificer on Aug 21, 2021.
             Was a High Priest of Ashenzari.
             Slain by a tyrant leech (12 damage)
             ... on level 5 of the Lair of Beasts on Aug 22, 2021.
             The game lasted 01:09:44 (29532 turns).

spiderkeys the Thrower (Ogre Artificer)            Turns: 29532, Time: 01:09:44

Health: -3/157     AC: 19    Str: 22    XL:     14   Next: 54%
Magic:  26/26      EV: 12    Int: 12    God:    Ashenzari [*****.]
Gold:   965        SH: 21    Dex: 10    Spells: 24/29 levels left

rFire   . . .      SeeInvis +   n - +2 morningstar (protect)
rCold   . . .      Faith    .   u - +0 tower shield "I Knew You'd Do That" {Range, Comp} (curse)
rNeg    . . .      Spirit   .   J - +1 steam dragon scales "Stellar Oblivion" {Self, Melee} (curse)
rPois   .          Reflect  +   (helmet restricted)
rElec   .          Harm     .   K - +0 cloak of Star-Bound Wisdom {Range, Self} (curse)
rCorr   .          Rampage  .   (gloves unavailable)
Will    +....      Clarity  +   (boots unavailable)
Stlth   ++........              k - amulet of the Chained Scepticism {Reflect SH+5, Cun, Evo} (curse)
HPRegen 0.36/turn               v - ring "Mantic Soothsayer" {SInv, Fort, Bglg} (curse)
MPRegen 0.20/turn               O - ring of Ashenzari's Sybil {AC+4, Range, Self} (curse)

@: under a protective aura
A: large, unfitting armour, tough skin 1
a: Renounce Religion, Shatter the Chains


You were on level 5 of the Lair of Beasts.
You worshipped Ashenzari.
Ashenzari was extremely pleased with you.
You visited 3 branches of the dungeon, and saw 20 of its levels.

You collected 1133 gold pieces.
You spent 168 gold pieces at shops.


Innate Abilities, Weirdness & Mutations

You are too large for most types of armour.
You have tough skin. (AC +1)


   Skills:
 + Level 9.4(14.3) Fighting
 + Level 8.7(11.3) Maces & Flails
 - Level 10.1(15.0) Throwing
 - Level 7.0(9.7) Dodging
 - Level 0.6(1.8) Stealth
 + Level 10.1(12.5) Shields
 + Level 3.5(8.1) Spellcasting
 + Level 3.4(5.8) Hexes
 - Level 7.8(10.5) Translocations
 + Level 9.9(12.4) Evocations


You had 24 spell levels left.
You knew the following spells:

 Your Spells              Type           Power      Damage    Failure   Level
o - Portal Projectile     Hex/Tloc       48%        N/A       2%          3
B - Blink                 Tloc           N/A        N/A       1%          2

Your spell library contained the following spells:

 Spells                   Type           Power      Damage    Failure   Level
 Apportation              Tloc           60%        N/A       1%          1
 Gell's Gravitas          Tloc           15%        N/A       1%          3
 Lesser Beckoning         Tloc           15%        N/A       1%          3
 Teleport Other           Tloc           30%        N/A       1%          3
 Corona                   Hex            20%        N/A       2%          1
 Slow                     Hex            18%        N/A       3%          2
 Confusing Touch          Hex            18%        N/A       7%          3
 Manifold Assault         Tloc           30%        N/A       9%          5
 Ensorcelled Hibernation  Hex/Ice        22%        N/A       11%         2
 Dazzling Flash           Conj/Hex       24%        N/A       21%         3
 Animate Skeleton         Necr           10%        N/A       22%         1
 Foxfire                  Conj/Fire      20%        2x1d5     22%         1
 Summon Small Mammal      Summ           20%        N/A       22%         1
 Inner Flame              Hex/Fire       11%        N/A       22%         3
 Iskenderun's Mystic Bla  Conj/Tloc      17%        2d5       26%         4
 Dispersal                Tloc           15%        N/A       43%         6
 Conjure Flame            Conj/Fire      5%         6-21      56%         3
 Spider Form              Tmut/Pois      2%         N/A       58%         3
 Yara's Violent Unravell  Hex/Tmut       5%         3d4       90%         5
 Borgnjor's Vile Clutch   Necr/Erth      2%         N/A       99%         5
 Excruciating Wounds      Necr           2%         N/A       99%         5
 Alistair's Intoxication  Tmut/Pois      2%         N/A       100%        5
 Blade Hands              Tmut           2%         N/A       100%        5
 Eringya's Noxious Bog    Tmut/Pois      2%         N/A       100%        6
 Shadow Creatures         Summ           N/A        N/A       100%        6
 Starburst                Conj/Fire      2%         6d3       100%        6

Inventory:

Hand Weapons
 n - a +2 morningstar of protection (weapon)
   (You bought it in a shop on level 1 of the Dungeon)
Missiles
 c - 64 poisoned darts
 f - 530 stones
 g - 84 bolts
 j - 9 boomerangs
 p - 2 large rocks {=f}
 M - 3 throwing nets {=f!f}
 P - 3 curare-tipped darts {=f}
Armour
 u - the cursed +0 tower shield "I Knew You'd Do That" (worn) {Range, Comp}
   (You found it on level 4 of the Dungeon)

   It has a curse which improves the following skills: Ranged Combat: Slings,
   Bows, Crossbows and Throwing.
   Companions: Summonings and Necromancy.
 J - the cursed +1 steam dragon scales "Stellar Oblivion" (worn) {Self, Melee}
   (You took it off Maggie on level 6 of the Dungeon)

   It has a curse which improves the following skills: Introspection: Fighting
   and Spellcasting.
   Melee Combat: Short Blades, Long Blades, Axes, Maces & Flails, Polearms,
   Staves and Unarmed Combat.
 K - the cursed +0 cloak of Star-Bound Wisdom (worn) {Range, Self}
   (You took it off Crazy Yiuf on level 5 of the Dungeon)

   It has a curse which improves the following skills: Ranged Combat: Slings,
   Bows, Crossbows and Throwing.
   Introspection: Fighting and Spellcasting.
 R - a +0 troll leather armour
   (You found it on level 9 of the Dungeon)
Jewellery
 k - the cursed amulet of the Chained Scepticism (around neck) {Reflect SH+5, Cun, Evo}
   (You found it on level 6 of the Dungeon)

   [amulet of reflection]

   It reflects blocked missile attacks.
   SH:        It affects your SH (+5).
   It has a curse which improves the following skills: Cunning: Dodging and
   Stealth.
   Evocations: Evocations.
 v - the cursed ring "Mantic Soothsayer" (left hand) {SInv, Fort, Bglg}
   (You found it on level 1 of the Dungeon)

   [ring of see invisible]

   SInv:      It lets you see invisible.
   It has a curse which improves the following skills: Fortitude: Armour and
   Shields.
   Beguiling: Conjurations, Hexes and Translocations.
 E - a +4 ring of evasion
   (You found it on level 2 of the Lair of Beasts)
 F - a ring of protection from fire
   (You found it on level 2 of the Lair of Beasts)
 I - a +6 ring of intelligence
   (You found it on level 7 of the Dungeon)
 N - a ring of positive energy
   (You found it on level 3 of the Dungeon)
 O - the cursed ring of Ashenzari's Sybil (right hand) {AC+4, Range, Self}
   (You found it on level 5 of the Dungeon)

   [ring of protection]

   AC:        It affects your AC (+4).
   It has a curse which improves the following skills: Ranged Combat: Slings,
   Bows, Crossbows and Throwing.
   Introspection: Fighting and Spellcasting.
 Z - a ring of wizardry
   (You found it on level 5 of the Dungeon)
Wands
 d - a wand of charming (11)
 i - a wand of flame (4) (quivered)
   (You took it off Terence on level 3 of the Dungeon)
 q - a wand of iceblast (8)
   (You found it on level 5 of the Dungeon)
 s - a wand of acid (2)
   (You found it on level 4 of the Dungeon)
 t - a wand of paralysis (4)
   (You found it on level 7 of the Dungeon)
 x - a wand of mindburst (14)
   (You found it on level 3 of the Lair of Beasts)
 W - a wand of polymorph (10)
   (You found it on level 12 of the Dungeon)
Scrolls
 a - 17 scrolls of identify {@r1}
 h - 2 scrolls of summoning
 l - 5 scrolls of teleportation {@r4}
 m - 2 scrolls of amnesia
 o - 2 scrolls of immolation {!r!r}
 w - 3 scrolls of blinking {!r}
 y - 3 scrolls of fear
 C - 2 scrolls of vulnerability {!r!r}
 D - 2 scrolls of fog
 H - a scroll of silence {!r}
 S - a scroll of enchant weapon
 U - 2 scrolls of holy word
Potions
 b - 2 potions of might
 r - 3 potions of curing {@q1}
 z - 3 potions of haste {@q3}
 A - 4 potions of magic
 B - a potion of berserk rage {!q}
 G - 3 potions of resistance
 L - 4 potions of lignification {!q}
 Q - a potion of attraction {!q}
 T - 2 potions of mutation {!q}
 X - 4 potions of flight
Miscellaneous
 e - a piece from Xom's chessboard (15/15)
 V - a tin of tremorstones (2/2)
   (You found it on level 12 of the Dungeon)
 Y - a box of beasts
   (You found it on level 4 of the Lair of Beasts)

Dungeon Overview and Level Annotations

Branches:
Dungeon (13/15)            Temple (1/1) D:4            Lair (6/6) D:9
  Swamp (0/4) Lair:3        Snake (0/4) Lair:3        Slime (0/5) Lair:5
    Orc (0/2) D:9
 Vaults: D:13-14

Altars:
Ashenzari
Cheibriados
Dithmenos
Elyvilon
Fedhas
Gozag
Hepliaklqana
Kikubaaqudgha
Makhleb
Nemelex Xobeh
Okawaru
Qazlal
Ru
Sif Muna
Trog
Uskayaw
Vehumet
Wu Jian
Xom
Yredelemnul
Zin
The Shining One

Shops:
D:1 ((

Annotations:
D:4 1 transporter
D:13 Urug
Lair:4 exclusion: oklob plant

#............#................
#.#.#........#................
##...........#..#..#..........
#..................##.........
##...........#................
###....###..###...........###..
##.......รท....รท...........##...
###....#.###..w>.........###...
###...P.##..#.@.....P....####..
###................####...#....
###................####..#.#...
##................#####..#.....
###...............####...###...
##.................###....##...
###...............#.#.....#...#
##...........................##
###P..........................##


You could see a tyrant leech.


Message History

The blink frog blinks!
You block the vampire mosquito's attack.
The tyrant leech bites you!!
The tyrant leech draws strength from your injuries!
You block the vampire mosquito's attack.
You climb upwards.
There is a stone staircase leading down, spattered with blood here. ๐Ÿ˜ฎ HP[-22]
You take 22 damage, and now have 84/157 hp.
You closely miss the tyrant leech.
You block the vampire mosquito's attack.
You barely miss the tyrant leech.
You block the vampire mosquito's attack.
The vampire mosquito bites you.
The vampire mosquito draws strength from your injuries!
The tyrant leech bites you!
* * * LOW HITPOINT WARNING * * *
The tyrant leech draws strength from your injuries! ๐Ÿ˜จ HP[-11]
You take 11 damage, and now have 73/157 hp.
You miss the tyrant leech.
You block the vampire mosquito's attack. x2
The tyrant leech bites you!
* * * LOW HITPOINT WARNING * * *
The tyrant leech draws strength from your injuries! ๐Ÿ˜จ HP[-14]
You take 14 damage, and now have 59/157 hp.
You closely miss the vampire mosquito.
You block the vampire mosquito's attack.
The vampire mosquito barely misses you. You block the tyrant leech's attack.
The vampire mosquito bites you but does no damage.
You hit the vampire mosquito.
Your weapon exudes an aura of protection.
You block the vampire mosquito's attack.
You block the tyrant leech's attack. ๐Ÿ˜จ HP[+1]
You sock the vampire mosquito!
You block the vampire mosquito's attack.
The vampire mosquito bites you.
* * * LOW HITPOINT WARNING * * *
The vampire mosquito draws strength from your injuries!
The tyrant leech bites you!
* * * LOW HITPOINT WARNING * * *
The tyrant leech draws strength from your injuries! ๐Ÿ˜จ HP[-19]
You take 19 damage, and now have 41/157 hp.
You closely miss the vampire mosquito.
You block the vampire mosquito's attack.
The vampire mosquito barely misses you.
You hit the vampire mosquito.
You block the vampire mosquito's attack. x2
You block the tyrant leech's attack. ๐Ÿ˜จ HP[+1]
You closely miss the vampire mosquito. The vampire mosquito bites you.
* * * LOW HITPOINT WARNING * * *
The vampire mosquito draws strength from your injuries!
You block the vampire mosquito's attack.
The tyrant leech barely misses you.
You block the vampire mosquito's attack. ๐Ÿ˜ฑ HP[-4]
You take 4 damage, and now have 38/157 hp.
You closely miss the vampire mosquito.
You block the vampire mosquito's attack.
You block the tyrant leech's attack.
You sock the vampire mosquito!
You destroy the vampire mosquito!
The tyrant leech closely misses you. ๐Ÿ˜ฑ HP[+1]
You block the tyrant leech's attack.
You see here a vampire mosquito corpse.
You hit the tyrant leech. ๐Ÿ˜จ HP[+1]
You hit the tyrant leech but do no damage.
The tyrant leech closely misses you.
You barely miss the tyrant leech. You block the tyrant leech's attack.
You closely miss the tyrant leech.
The tyrant leech closely misses you. ๐Ÿ˜จ HP[+1]
You closely miss the tyrant leech. You block the tyrant leech's attack.
You thump the tyrant leech! You puncture the tyrant leech!
You block the tyrant leech's attack. ๐Ÿ˜จ HP[+1]
You sock the tyrant leech!
The tyrant leech bites you but does no damage.
You barely miss the tyrant leech. The tyrant leech bites you!
* * * LOW HITPOINT WARNING * * *
The tyrant leech draws strength from your injuries! ๐Ÿ˜ฑ HP[-11]
You take 11 damage, and now have 31/157 hp.
You closely miss the tyrant leech.
You block the tyrant leech's attack. ๐Ÿ˜ฑ HP[+1]
You closely miss the tyrant leech. You completely miss the tyrant leech.
The tyrant leech bites you!!
* * * LOW HITPOINT WARNING * * *
The tyrant leech draws strength from your injuries! ๐Ÿ˜ฑ HP[-23]
You take 23 damage, and now have 9/157 hp.
You hit the tyrant leech.
Your weapon exudes an aura of protection.
The tyrant leech bites you!
You die...

Skill      XL: |  1  2  3  4  5  6  7  8  9 10 11 12 13 14 |
---------------+-------------------------------------------+-----
Fighting       | 2 3 5 6 7 8 9 |  9.4
Spellcasting   | 1 2 3 |  3.5
Throwing       | 1 2 3 5 7 8 9 10 | 10.1
Evocations     | 3 4 5 6 7 8 9 |  9.9
Maces & Flails | 1 2 4 5 6 8 |  8.7
Dodging        | 3 4 5 6 7 |  7.0
Shields        | 2 3 4 6 7 8 9 10 | 10.1
Translocations | 2 4 6 7 |  7.8
Hexes          | 2 3 |  3.4
Stealth        | |  0.6

Action                   |  1- 3 |  4- 6 |  7- 9 | 10-12 | 13-15 || total
-------------------------+-------+-------+-------+-------+-------++-------
Melee: Mace              |    58 |       |       |       |       ||    58
       Flail             |    10 |    28 |       |       |       ||    38
       Morningstar       |       |   182 |   296 |   604 |   980 ||  2062
Throw: Stone             |    38 |    10 |     1 |     5 |       ||    54
       Boomerang         |    11 |     1 |     3 |       |       ||    15
       Large rock        |       |    14 |    14 |    15 |    27 ||    70
       Dart              |       |    10 |    11 |     8 |     9 ||    38
Invok: Curse Item        |       |       |     1 |     3 |     2 ||     6
Evoke: Wand              |     7 |    16 |    17 |    39 |    24 ||   103
  Use: Potion            |       |     4 |       |     3 |     2 ||     9
       Scroll            |       |     2 |       |     1 |       ||     3
 Stab: Sleeping          |       |     1 |       |       |     1 ||     2
       Confused          |       |       |     1 |       |       ||     1
       Petrified         |       |       |       |     5 |       ||     5
       Paralysed         |       |       |       |     3 |       ||     3
Armor: Robe              |    22 |    91 |    62 |       |       ||   175
       Steam dragon scal |       |       |    91 |   319 |   468 ||   878
Dodge: Dodged            |    45 |   173 |   103 |   218 |   469 ||  1008
Block: Tower shield      |       |    17 |   267 |   813 |  1498 ||  2595
       Reflection        |       |       |       |    15 |    11 ||    26

Levels and vault maps discovered:
D:1:      dpeg_arrival_castle, layout_loops_ring, serial_shops,
          nicolae_square_shop, shop
D:2:      layout_rooms, hellmonk_ecumenical_altar_blasted,
          minmay_indecisive_spiral
D:3:      layout_basic, mainiacjoe_overflow_24_doors, old_standard_altar,
          nicolae_elyvilon_temple_path, uniq_terence
D:4:      minmay_angry_zag, layout_cave_pools, marbit_many_paths,
          grunt_nemelex_the_gamble, nicolae_overflow_hidden_temple,
          minmay_temple_entry_slanted
D:5:      layout_basic, uniq_grinder, uniq_duvessa, uniq_crazy_yiuf_cottage
D:6:      layout_cave_pods, amcnicky_altar_gilded, bh_walls_and_bars,
          uniq_maggie, uniq_prince_ribbit1
D:7:      layout_cave_pods
D:8:      layout_basic, chequers_serial_rivers_micro_e, grunt_ministairs_10,
          uniq_pikel, uniq_harold
D:9:      layout_loops_ring, mainiacjoe_overflow_catwalk,
          gammafunk_temple_overflow_wave, erik_lair_island, orc_0_dummy
D:10:     layout_loops_ring, nicolae_wu_jian_wuxing_cycle, kennysheep_mini,
          lemuel_tele_altar
D:11:     layout_basic, vehumet_crystals
D:12:     nzn_motion_control, layout_long_grid, wad_floor_pattern_2,
          uniq_rupert, uniq_nessos, uniq_erolcha, uniq_sonja
D:13:     layout_stronghold, nicolae_transmutations_shop, uniq_azrael, uniq_urug
Temple:   dpeg_three_leaves_temple
Lair:1:   layout_big_grid
Lair:2:   wander_river, layout_cave_pods, gammafunk_lair_bear_cave
Lair:3:   layout_concentric_octagons, palyth_hydra_swamp_entry,
          minmay_snake_entry_guardpost_small, basic_altar
Lair:4:   layout_regular_city, tgw_fedhas
Lair:5:   layout_gridlike, minmay_slime_entry_pillars, basic_altar, minivault_25
Lair:6:   minmay_lair_end_frog_pond, layout_regular_city,
          nicolae_lair_yak_garden

Notes
Turn   | Place    | Note
-------+----------+-------------------------------------------
     0 | D:1      | spiderkeys the Ogre Artificer began the quest for the Orb.
     0 | D:1      | Reached XP level 1. HP: 19/19 MP: 1/1
     0 | D:1      | magus.rc [v1.9.10]
    99 | D:1      | Found Iqorhom's Weapon Boutique.
   125 | D:1      | Reached XP level 2. HP: 28/28 MP: 2/2
   524 | D:1      | Found Peggun's Weapon Shop.
   678 | D:1      | Reached skill level 2 in Fighting
   843 | D:1      | Reached skill level 1 in Spellcasting
  1047 | D:1      | Reached XP level 3. HP: 28/35 MP: 4/4
  1117 | D:2      | Reached skill level 1 in Throwing
  1478 | D:2      | Reached XP level 4. HP: 32/44 MP: 6/6
  1634 | D:1      | HP: 10/44 [jackal (2)]
  1637 | D:1      | HP: 2/44 [jackal (3)]
  2262 | D:2      | Found a faded altar of an unknown god.
  2459 | D:2      | You pick up a book of Flames and begin reading...
  2459 | D:2      | You add the spells Foxfire, Conjure Flame and Inner Flame
                  | to your library.
  2501 | D:2      | HP: 10/44 [poisoned by an adder]
  3007 | D:3      | HP: 10/44 [poisoned by an adder]
  3007 | D:3      | HP: 2/44 [adder (4)]
  3126 | D:3      | You pick up a book of Spectacle and begin reading...
  3126 | D:3      | You add the spells Dazzling Flash, Iskenderun's Mystic
                  | Blast and Starburst to your library.
  3163 | D:3      | Found a glowing golden altar of the Shining One.
  3283 | D:3      | You pick up a book of Dreams and begin reading...
  3283 | D:3      | You add the spells Ensorcelled Hibernation, Spider Form and
                  | Shadow Creatures to your library.
  3375 | D:3      | Found a blossoming altar of Fedhas.
  3383 | D:3      | Reached XP level 5. HP: 34/52 MP: 7/7
  3664 | D:3      | Noticed Terence
  3667 | D:3      | Killed Terence
  3668 | D:3      | Reached skill level 3 in Fighting
  3668 | D:3      | Reached skill level 2 in Spellcasting
  3668 | D:3      | Reached skill level 3 in Evocations
  3817 | D:3      | Found a white marble altar of Elyvilon.
  3863 | D:4      | Reached skill level 1 in Maces & Flails
  3887 | D:3      | HP: 10/53 [gnoll (5)]
  3893 | D:3      | HP: 5/53 [gnoll (6)]
  3898 | D:3      | Reached skill level 2 in Throwing
  4293 | D:4      | Reached skill level 3 in Dodging
  4295 | D:4      | Reached XP level 6. HP: 48/61 MP: 9/9
  4454 | D:1      | Bought a +2 morningstar of protection for 168 gold pieces
  4775 | D:4      | Found a staircase to the Ecumenical Temple.
  5125 | D:4      | Reached XP level 7. HP: 51/68 MP: 11/11
  5419 | D:4      | Found an opulent altar of Gozag.
  5484 | D:4      | Found a sparkling altar of Nemelex Xobeh.
  5484 | D:4      | Found a transporter.
  5534 | D:4      | Reached skill level 4 in Fighting
  5534 | D:4      | Reached skill level 3 in Spellcasting
  5537 | D:4      | Reached skill level 2 in Maces & Flails
  5693 | D:4      | Found a hazy altar of Hepliaklqana.
  5856 | D:5      | Entered Level 5 of the Dungeon
  5896 | Temple   | Entered the Ecumenical Temple
  6002 | Temple   | Became a worshipper of Ashenzari the Shackled
  6109 | D:5      | Reached skill level 1 in Shields
  6204 | D:5      | You pick up a book of Spatial Translocations and begin
                  | reading...
  6204 | D:5      | You add the spells Blink, Lesser Beckoning and Manifold
                  | Assault to your library.
  6393 | D:5      | Reached skill level 3 in Throwing
  6779 | D:5      | Noticed Grinder
  6784 | D:5      | Killed Grinder
  6785 | D:5      | Reached skill level 5 in Fighting
  6785 | D:5      | Reached skill level 2 in Shields
  6785 | D:5      | Reached skill level 4 in Evocations
  6785 | D:5      | Reached XP level 8. HP: 80/80 MP: 12/12
  6932 | D:5      | Noticed Dowan
  6933 | D:5      | Noticed Duvessa
  6936 | D:5      | Killed Dowan
  6937 | D:5      | Reached skill level 3 in Maces & Flails
  6940 | D:5      | Killed Duvessa
  7292 | D:5      | Found a runed translucent door.
  7293 | D:5      | Noticed Crazy Yiuf
  7602 | D:5      | Killed Crazy Yiuf
  7756 | D:6      | Noticed Maggie
  7760 | D:6      | HP: 19/83 [Maggie/bolt of fire (25)]
  7761 | D:6      | Killed Maggie
  7762 | D:6      | Reached skill level 6 in Fighting
  7762 | D:6      | Reached skill level 4 in Dodging
  7762 | D:6      | Reached skill level 3 in Shields
  8054 | D:6      | You pick up a book of Weapons and begin reading...
  8054 | D:6      | You add the spells Portal Projectile, Excruciating Wounds
                  | and Blade Hands to your library.
  8149 | D:6      | Reached skill level 4 in Maces & Flails
  8149 | D:6      | Reached XP level 9. HP: 76/92 MP: 13/13
  8235 | D:6      | Found a snail-covered altar of Cheibriados.
  8592 | D:6      | Reached skill level 5 in Evocations
  8817 | D:6      | Reached skill level 7 in Fighting
  8839 | D:6      | Noticed Prince Ribbit
  8850 | D:6      | Upgraded the game from 0.28-a0-224-g76b539d98b to
                  | 0.28-a0-233-gb8ca4b6547
  8850 | D:6      | magus.rc [v1.9.10]
  8945 | D:6      | Killed Prince Ribbit
  8946 | D:6      | Reached skill level 4 in Shields
  9237 | D:6      | You add the spells Alistair's Intoxication, Borgnjor's Vile
                  | Clutch and Eringya's Noxious Bog to your library.
  9435 | D:6      | Learned a level 3 spell: Portal Projectile
  9438 | D:6      | Learned a level 2 spell: Blink
  9569 | D:7      | Reached skill level 5 in Dodging
  9689 | D:7      | Reached skill level 1 in Translocations
 10004 | D:7      | Reached skill level 5 in Maces & Flails
 10369 | D:7      | Reached skill level 2 in Translocations
 10370 | D:7      | Reached XP level 10. HP: 94/104 MP: 15/15
 10717 | D:8      | Noticed Harold
 10901 | D:8      | Noticed a kobold demonologist
 10935 | D:7      | Reached skill level 5 in Shields
 11050 | D:8      | Noticed a kobold demonologist
 11056 | D:7      | Noticed an orange demon
 11057 | D:7      | Noticed a rust devil
 11059 | D:7      | Killed a kobold demonologist
 11060 | D:7      | Reached skill level 4 in Throwing
 11194 | D:8      | Noticed a sixfirhy
 11199 | D:7      | Reached skill level 6 in Evocations
 11262 | D:7      | Killed a kobold demonologist
 11263 | D:7      | Reached skill level 3 in Translocations
 11371 | D:8      | Killed Harold
 11372 | D:8      | Reached skill level 6 in Dodging
 11810 | D:8      | Noticed Pikel
 11828 | D:8      | Killed Pikel
 11829 | D:8      | Reached skill level 5 in Throwing
 12060 | D:8      | Reached skill level 4 in Translocations
 12102 | D:8      | Reached * piety under Ashenzari
 12591 | D:9      | Found a hide-covered altar of Uskayaw.
 12622 | D:9      | HP: 17/104 [electric eel/bolt of electricity (11)]
 12801 | D:9      | Reached skill level 6 in Shields
 12952 | D:9      | Found a staircase to the Orcish Mines.
 12982 | D:9      | Reached XP level 11. HP: 113/113 MP: 16/16
 13037 | D:9      | Found a staircase to the Lair.
 13425 | D:9      | You pick up a book of Flames and begin reading...
 13544 | D:9      | Found an ancient bone altar of Kikubaaqudgha.
 13544 | D:9      | Found a radiant altar of Vehumet.
 13827 | D:9      | Reached ** piety under Ashenzari
 13890 | D:10     | Entered Level 10 of the Dungeon
 13971 | D:10     | Found a sacrificial altar of Ru.
 14015 | D:10     | Found an ornate altar of the Wu Jian Council.
 14173 | D:10     | Found a bloodstained altar of Trog.
 14600 | D:10     | You pick up a book of Misfortune and begin reading...
 14600 | D:10     | You add the spells Slow, Confusing Touch and Yara's Violent
                  | Unravelling to your library.
 14882 | D:11     | Reached skill level 7 in Evocations
 15183 | D:11     | Reached skill level 6 in Throwing
 15183 | D:11     | Reached skill level 7 in Dodging
 15291 | D:11     | You pick up a book of Cantrips and begin reading...
 15291 | D:11     | You add the spells Corona, Animate Skeleton, Summon Small
                  | Mammal and Apportation to your library.
 15500 | D:11     | Reached skill level 5 in Translocations
 15571 | D:11     | Found a radiant altar of Vehumet.
 15843 | D:11     | Noticed a boulder beetle
 15849 | D:11     | Killed a boulder beetle
 15934 | D:11     | Identified the +7 ring mail of Atayrch {rC+ Str+3}
 15997 | D:12     | Noticed a manticore
 15997 | D:12     | Noticed a manticore
 15997 | D:12     | Noticed a catoblepas
 15997 | D:12     | Noticed a catoblepas
 16101 | D:12     | Reached skill level 7 in Shields
 16204 | D:12     | Noticed a boulder beetle
 16211 | D:12     | Killed a boulder beetle
 16224 | D:12     | Killed a catoblepas
 16225 | D:12     | Reached skill level 7 in Throwing
 16348 | D:12     | Killed a manticore
 16358 | D:12     | Killed a catoblepas
 16359 | D:12     | Reached skill level 6 in Translocations
 16359 | D:12     | Reached XP level 12. HP: 41/122 MP: 18/18
 17270 | D:12     | Noticed Erolcha
 17274 | D:12     | Killed Erolcha
 17275 | D:12     | Reached skill level 8 in Evocations
 17321 | D:12     | Noticed Sonja
 17332 | D:12     | Killed Sonja
 17710 | D:12     | Noticed Nessos
 17714 | D:12     | Killed Nessos
 17715 | D:12     | Reached skill level 8 in Shields
 17931 | D:12     | Reached skill level 6 in Maces & Flails
 18063 | D:12     | Noticed an eight-headed hydra
 18073 | D:12     | Killed an eight-headed hydra
 18074 | D:12     | Reached skill level 8 in Throwing
 18267 | D:12     | Noticed Rupert
 18279 | D:12     | Killed Rupert
 18280 | D:12     | Reached skill level 7 in Translocations
 18524 | D:13     | Noticed a centaur warrior
 18535 | D:13     | Killed a centaur warrior
 18559 | D:13     | Noticed a death knight
 18584 | D:13     | Noticed Urug
 18588 | D:13     | HP: 22/122 [??? (20)]
 19029 | Lair:1   | Entered Level 1 of the Lair of Beasts
 19227 | Lair:1   | Reached *** piety under Ashenzari
 19492 | Lair:1   | You pick up a book of Spatial Translocations and begin
                  | reading...
 19696 | Lair:2   | Noticed an eight-headed hydra
 19703 | Lair:2   | HP: 26/126 [eight-headed hydra (8)]
 19705 | Lair:2   | HP: 12/126 [eight-headed hydra (3)]
 19706 | Lair:2   | Killed an eight-headed hydra
 19707 | Lair:2   | Reached XP level 13. HP: 13/133 MP: 21/21
 20611 | Lair:2   | Identified the +4 ring mail of Nadesuvi {+Blink Dex+4}
 21320 | Lair:2   | Reached skill level 7 in Maces & Flails
 21330 | Lair:2   | HP: 31/133 [blink frog (9)]
 21337 | Lair:2   | HP: 26/133 [blink frog (8)]
 21383 | Lair:2   | Reached skill level 9 in Throwing
 21687 | Lair:2   | Reached skill level 9 in Evocations
 22034 | Lair:2   | Reached skill level 9 in Shields
 22281 | Lair:2   | You add the spells Gell's Gravitas, Teleport Other and
                  | Dispersal to your library.
 22316 | Lair:2   | Identified the +5 spear of Bloodstone {vorpal, +Rage Str+4}
 23004 | Lair:3   | Reached **** piety under Ashenzari
 23533 | Lair:3   | Found a white marble altar of Elyvilon.
 23937 | Lair:3   | Found a staircase to the Snake Pit.
 24317 | Lair:3   | Reached skill level 1 in Hexes
 24833 | Lair:3   | Found a staircase to the Swamp.
 24899 | Lair:4   | Identified the +6 whip "Pimuddal" {protect, Will+ Stlth+}
 25429 | Lair:4   | Identified the +1 leather armour of Untruth {Int+3 Dex+4
                  | SInv}
 25459 | Lair:4   | Reached skill level 8 in Fighting
 25459 | Lair:4   | Reached skill level 2 in Hexes
 25513 | Lair:4   | Reached skill level 8 in Maces & Flails
 25694 | Lair:4   | Reached XP level 14. HP: 142/146 MP: 23/23
 25827 | Lair:4   | Found a blossoming altar of Fedhas.
 27117 | Lair:4   | Reached skill level 10 in Throwing
 27342 | Lair:4   | Reached skill level 3 in Hexes
 27687 | Lair:5   | Found an opulent altar of Gozag.
 27768 | Lair:5   | Reached skill level 9 in Fighting
 28056 | Lair:5   | Reached ***** piety under Ashenzari
 28168 | Lair:5   | Reached skill level 10 in Shields
 28184 | Lair:5   | Found a staircase to the Slime Pits.
 28542 | Lair:6   | Entered Level 6 of the Lair of Beasts
 28729 | Lair:5   | HP: 33/156 [cane toad (10)]
 29516 | Lair:5   | HP: 38/157 [vampire mosquito (4)]
 29528 | Lair:5   | HP: 31/157 [tyrant leech (11)]
 29531 | Lair:5   | HP: 9/157 [tyrant leech (24)]
 29532 | Lair:5   | Slain by a tyrant leech

Vanquished Creatures
  Rupert (D:12)
  Nessos (D:12)
  Harold (D:8)
  7 hydras
  Erolcha (D:12)
  2 boulder beetles
  2 catoblepae (D:12)
  A centaur warrior (D:13)
  5 death yaks
  Sonja (D:12)
  Pikel (D:8)
  A cyclops (D:12)
  2 oklob plants
  7 elephants
  3 manticores (D:12)
  A centaur zombie (D:10)
  A black mamba (Lair:2)
  2 gargoyles
  Maggie (D:6)
  13 cane toads
  3 kobold demonologists
  3 rime drakes
  3 unseen horrors
  3 komodo dragons
  3 trolls
  A polar bear (Lair:2)
  Prince Ribbit (D:6)
  2 tyrant leeches (Lair:3)
  Grinder (D:5)
  22 blink frogs
  2 slime creatures (Lair:5)
  2 shadows
  A wyvern (Lair:3)
  2 wraiths
  25 yaks
  4 fire bats (Lair:5)
  A basilisk (Lair:4)
  3 steam dragons
  6 vampire mosquitoes
  3 nagas (Lair:3)
  2 swamp worms (Lair:3)
  16 water moccasins
  Duvessa (D:5)
  4 black bears
  An orc warrior (D:9)
  A sky beast (D:7)
  3 centaurs
  15 wolves
  4 ogres
  4 kobold brigands
  16 bullfrogs
  2 scorpions (D:5)
  Dowan (D:5)
  19 wights
  3 electric eels
  9 hounds
  A lava snake (Lair:5)
  2 gnoll shamans
  6 jellies
  4 orc priests
  Crazy Yiuf (D:5)
  A bullfrog skeleton (D:6)
  2 centaur skeletons
  Terence (D:3)
  5 orc wizards
  4 iguanas
  A killer bee zombie (D:6)
  2 hound skeletons (D:4)
  7 adders
  16 gnolls
  A shadow imp (D:6)
  3 white imps
  An adder skeleton (D:4)
  2 dart slugs (D:2)
  23 orcs
  10 ball pythons
  9 endoplasms
  3 giant cockroaches
  4 goblins
  3 hobgoblins
  4 jackals (D:1)
  5 quokkas
  2 bats
  4 frilled lizards
  15 kobolds
  5 rats
393 creatures vanquished.

Vanquished Creatures (collateral kills)
  A worm (D:4)
1 creature vanquished.

Vanquished Creatures (others)
  An ogre (D:4)
  An orc wizard (D:5)
  2 kobolds
  33 fungi
  49 plants
86 creatures vanquished.

Grand Total: 480 creatures vanquished

Table legend:
 A = Non-vault XP
 B = Vault XP
 C = Vault XP percentage of total XP
 D = Non-vault monster count
 E = Vault monster count
 F = Vault count percentage of total count
                 A         B        C        D         E       F
            +---------+---------+-------+---------+---------+-------
      Total |   52093 |   19646 |  27.4 |     327 |      69 |  17.4
            +---------+---------+-------+---------+---------+-------
        D:1 |      40 |       3 |   7.0 |      23 |       2 |   8.0
        D:2 |      81 |       3 |   3.6 |      17 |       2 |  10.5
        D:3 |      54 |      38 |  41.3 |      12 |       1 |   7.7
        D:4 |     393 |      77 |  16.4 |      24 |       5 |  17.2
        D:5 |     625 |     518 |  45.3 |      20 |       4 |  16.7
        D:6 |     797 |     698 |  46.7 |      17 |       2 |  10.5
        D:7 |    3192 |       0 |   0.0 |      29 |       0 |   0.0
        D:8 |     529 |    1945 |  78.6 |       7 |      10 |  58.8
        D:9 |    1021 |     872 |  46.1 |      17 |       9 |  34.6
       D:10 |    1155 |       0 |   0.0 |      19 |       0 |   0.0
       D:11 |    3271 |       0 |   0.0 |      10 |       0 |   0.0
       D:12 |    5528 |    8798 |  61.4 |      14 |       8 |  36.4
       D:13 |     935 |       0 |   0.0 |       1 |       0 |   0.0
     Lair:1 |    1800 |       0 |   0.0 |      12 |       0 |   0.0
     Lair:2 |    7057 |     601 |   7.8 |      26 |       4 |  13.3
     Lair:3 |    6833 |    3368 |  33.0 |      22 |       9 |  29.0
     Lair:4 |   11581 |       0 |   0.0 |      34 |       0 |   0.0
     Lair:5 |    6239 |    2725 |  30.4 |      21 |      13 |  38.2
     Lair:6 |     962 |       0 |   0.0 |       2 |       0 |   0.0
            +---------+---------+-------+---------+---------+-------

Illustrated notes

Table legend:
 A = Kills in this place as a percentage of kills in entire the game.
 B = Kills by you in this place as a percentage of kills by you in the entire game.
 C = Kills by friends in this place as a percentage of kills by friends in the entire game.
 D = Other kills in this place as a percentage of other kills in the entire game.
 E = Experience gained in this place as a percentage of experience gained in the entire game.
 F = Experience gained in this place divided by the number of levels of this place that you have seen.
                   A       B       C       D       E      F
               +-------+-------+-------+-------+-------+----------------------
         Total | 100.0 | 100.0 | 100.0 | 100.0 | 100.0 | 3586.9
       Dungeon |  63.9 |  63.6 | 100.0 | 100.0 |  42.6 | 2351.8
          Lair |  36.1 |  36.4 |   0.0 |   0.0 |  57.4 | 6861.0
               +-------+-------+-------+-------+-------+----------------------

Table legend: (Time is in decaauts)
 A = Elapsed time spent in this place.
 B = Non-inter-level travel time spent in this place.
 C = Inter-level travel time spent in this place.
 D = Time resting spent in this place.
 E = Time spent auto-exploring this place.
 F = Levels seen in this place.
 G = Mean time per level.
                   A        B        C        D        E       F      G
               +--------+--------+--------+--------+--------+-----+--------+
         Total |  30542 |  29466 |   1076 |   5887 |  17954 |  20 | 1527.1 |
       Dungeon |  19632 |  18797 |    835 |   3450 |  11885 |  13 | 1510.2 |
        Temple |    123 |     72 |     51 |      0 |     58 |   1 |  123.0 |
          Lair |  10785 |  10595 |    190 |   2437 |   6011 |   6 | 1797.5 |
               +--------+--------+--------+--------+--------+-----+--------+

Top non-repeatable levels by time:
    D:12: 2879 daAuts
  Lair:3: 2551 daAuts
  Lair:2: 2524 daAuts
  Lair:4: 2421 daAuts
     D:7: 2092 daAuts
  Lair:5: 2039 daAuts
     D:5: 2034 daAuts
     D:1: 1875 daAuts
     D:4: 1663 daAuts
     D:3: 1600 daAuts
     D:9: 1456 daAuts
     D:6: 1405 daAuts
    D:11: 1307 daAuts
     D:8: 1261 daAuts
  Lair:1: 1181 daAuts
